 Dungeon Crawl Stone Soup version 0.29-a0-2-g12fcac58f8 (webtiles) character file.

Game seed: 7040458253555791469

336 skittles the Slasher (level 6, 0/52 HPs)
             Began as a Minotaur Gladiator on Jan 27, 2022.
             Slain by a gnoll (3 damage)
             ... on level 4 of the Dungeon.
             The game lasted 00:06:21 (3843 turns).

skittles the Slasher (Minotaur Gladiator)           Turns: 3843, Time: 00:06:21

Health: 0/52       AC:  5    Str: 19 (21) XL:     6   Next: 28%
Magic:  5/5        EV: 11    Int:  4 (5)  God:
Gold:   126        SH:  0    Dex: 11      Spells: 5/5 levels left

rFire   . . .      SeeInvis .   a - +0 long sword
rCold   . . .      Faith    .   (no shield)
rNeg    . . .      Spirit   .   i - +0 ring mail
rPois   .          Reflect  .   c - +0 hat
rElec   .          Harm     .   (no cloak)
rCorr   .          Rampage  .   (no gloves)
Will    .....                   (no boots)
Stlth   +.........              (no amulet)
HPRegen 0.17/turn               (no ring)
MPRegen 0.09/turn               (no ring)

@: no status effects
A: horns 2, retaliatory headbutt, deterioration 1
a: no special abilities


You were on level 4 of the Dungeon.
You visited 1 branch of the dungeon, and saw 4 of its levels.

You collected 126 gold pieces.

Inventory:

Hand Weapons
 a - a +0 long sword (weapon)
 f - a +0 hunting sling
 p - a +2 short sword of venom
Missiles
 d - 3 throwing nets (quivered)
 g - 45 stones
 o - 27 sling bullets
Armour
 b - a +0 leather armour
 c - a +0 hat (worn)
 i - a +0 ring mail (worn)
Jewellery
 r - an amulet of magic regeneration
Wands
 s - a wand of iceblast (11)
Scrolls
 e - 2 scrolls of teleportation {unknown}
 j - 2 scrolls of magic mapping
 l - a scroll of blinking {unknown}
 m - a scroll of fog {unknown}
 q - a scroll of identify {unknown}
Potions
 k - a potion of ambrosia


   Skills:
 + Level 4.1 Fighting
 * Level 6.1 Long Blades
 * Level 3.5(3.9) Slings
 - Level 2.0(2.9) Throwing
 - Level 3.9 Dodging


You had 5 spell levels left.
You didn't know any spells.
Your spell library contained the following spells:

 Spells                   Type           Power      Damage    Failure   Level
 Magic Dart               Conj           0%         1d3       69%         1
 Searing Ray              Conj           0%         2d4       83%         2
 Airstrike                Air            0%         N/A       100%        4
 Fulminant Prism          Conj/Hex       0%         3d6       100%        4
 Summon Lightning Spire   Summ/Air       0%         N/A       100%        4
 Lightning Bolt           Conj/Air       0%         1d11      100%        5


Dungeon Overview and Level Annotations

Branches:
Dungeon (4/15)
 Temple: D:4-7

Altars:


Innate Abilities, Weirdness & Mutations

You have a pair of horns on your head.
You reflexively headbutt those who attack you in melee.
Your body sometimes deteriorates upon taking damage.


Message History

The gnoll shaman hits you with a +0 whip!
Your body deteriorates!
You feel weakened.
You hit the gnoll shaman.
You headbutt the gnoll shaman, but do no damage.
The gnoll shaman is severely wounded.
The gnoll shaman hits you with a +0 whip!
* * * LOW HITPOINT WARNING * * *
Your body deteriorates!
You feel dopey.
You hit the gnoll shaman. You headbutt the gnoll shaman.
The gnoll shaman is almost dead.
The gnoll shaman calls down the wrath of its god upon you.
You resist with some effort.
The gnoll shaman prays to its god.
The gnoll shaman is healed somewhat.
You closely miss the gnoll shaman.
The gnoll shaman is severely wounded.
The gnoll shaman calls upon its god to heal the gnoll.
The gnoll is healed somewhat.
You barely miss the gnoll shaman.
The gnoll shaman is severely wounded.
The gnoll shaman completely misses you.
You barely miss the gnoll shaman. Your headbutt misses the gnoll shaman.
The gnoll shaman is severely wounded.
The gnoll shaman hits you with a +0 whip!
* * * LOW HITPOINT WARNING * * *
Your body deteriorates!
You feel weakened.
You closely miss the gnoll shaman.
The gnoll shaman is severely wounded.
The gnoll shaman calls upon its god to heal the gnoll.
The gnoll's wounds heal themselves!
You closely miss the gnoll shaman.
The gnoll shaman is severely wounded.
The gnoll shaman prays to its god.
The gnoll shaman is healed somewhat.
You slash the gnoll shaman!
You kill the gnoll shaman!
The gnoll hits you but does no damage.
You barely miss the gnoll. The gnoll closely misses you.
The gnoll hits you with a +0 whip.
You die...

#.......# ....≈♣####♣≈...
##....#### ≈....≈≈≈≈≈≈....
#........##≈≈............≈
#......#..##≈≈..........≈≈
#########..##≈≈........≈≈#
##..##≈≈..[...≈≈#
##..##≈≈≈.g≈≈≈#
##..####''# ##.@gg.g.#
#########


You could see 3 gnolls.

Vanquished Creatures
  An ogre (D:4)
  A hound (D:4)
  A gnoll shaman (D:4)
  A jelly (D:4)
  Jessica (D:3)
  An iguana (D:2)
  A gnoll (D:4)
  4 adders
  A worm (D:3)
  2 dart slugs
  An orc (D:4)
  5 bats
  3 endoplasms
  4 giant cockroaches
  6 goblins
  12 hobgoblins
  4 quokkas (D:2)
  7 ball pythons
  A frilled lizard (D:2)
  2 kobolds
  6 rats
65 creatures vanquished.

Notes
Turn   | Place    | Note
-------+----------+-------------------------------------------
     0 | D:1      | skittles the Minotaur Gladiator began the quest for the
                  | Orb.
     0 | D:1      | Reached XP level 1. HP: 18/18 MP: 0/0
   229 | D:1      | Reached XP level 2. HP: 23/25 MP: 1/1
   339 | D:1      | Reached skill level 4 in Long Blades
   456 | D:1      | Found a faded altar of an unknown god.
  1241 | D:2      | Reached XP level 3. HP: 30/30 MP: 2/2
  1824 | D:2      | Reached skill level 1 in Slings
  1824 | D:2      | Reached XP level 4. HP: 31/38 MP: 3/3
  2604 | D:3      | Noticed Jessica
  2613 | D:3      | Killed Jessica
  2614 | D:3      | Reached skill level 5 in Long Blades
  3304 | D:4      | Reached XP level 5. HP: 45/45 MP: 4/4
  3394 | D:4      | Noticed an ogre
  3406 | D:4      | Gained mutation: Your body sometimes deteriorates upon
                  | taking damage. [potion of mutation]
  3408 | D:4      | Killed an ogre
  3409 | D:4      | Reached XP level 6. HP: 12/52 MP: 5/5
  3828 | D:4      | Reached skill level 6 in Long Blades
  3839 | D:4      | HP: 2/52 [gnoll shaman (9)]
  3843 | D:4      | Slain by a gnoll

Illustrated notes

Levels and vault maps discovered:
D:1:      elethiomel_arrival_infinity_welcomes_careful_drivers,
          layout_loops_cross, shapermc_ecumenical_altar_flowoftime
D:2:      layout_loops_corners
D:3:      layout_loops_ring, chequers_serial_rivers_small_3, uniq_jessica
D:4:      layout_cave_pools, kennysheep_big_empty_room

Skill      XL: |  1  2  3  4  5  6 |
---------------+-------------------+-----
Long Blades    | 4 5 6 |  6.1
Fighting       | 3 4 |  4.1
Slings         | 1 2 3 |  3.5
Throwing       | |  2.0
Dodging        | |  3.9

Action                   |  1- 3 |  4- 6 || total
-------------------------+-------+-------++-------
Melee: Long sword        |    52 |    60 ||   112
       Headbutt          |     7 |    10 ||    17
 Fire: Hunting sling     |    23 |    54 ||    77
  Use: Potion            |     2 |     2 ||     4
       Scroll            |     2 |       ||     2
Armor: Leather armour    |     3 |       ||     3
       Ring mail         |    14 |    20 ||    34
Dodge: Dodged            |    34 |    45 ||    79

Table legend: (Time is in decaauts)
 A = Elapsed time spent in this place.
 B = Non-inter-level travel time spent in this place.
 C = Inter-level travel time spent in this place.
 D = Time resting spent in this place.
 E = Time spent auto-exploring this place.
 F = Levels seen in this place.
 G = Mean time per level.
                   A        B        C        D        E       F      G
               +--------+--------+--------+--------+--------+-----+--------+
         Total |   3867 |   3748 |    119 |    560 |   2600 |   4 |  966.8 |
       Dungeon |   3867 |   3748 |    119 |    560 |   2600 |   4 |  966.8 |
               +--------+--------+--------+--------+--------+-----+--------+

Top non-repeatable levels by time:
     D:2: 1314 daAuts
     D:3: 1003 daAuts
     D:1: 941 daAuts
     D:4: 608 daAuts
